[Event "VIII Open Semana Santa 2024"]
[Site "San Vicente del Raspeig"]
[Date "2024.03.27"]
[Round "1.1"]
[White "Alekseenko, Kirill"]
[Black "Blanco Garcia, Liliam Barbara"]
[Result "1-0"]
[ECO "C85"]
[WhiteElo "2650"]
[BlackElo "2068"]
[Annotator "TA"]
[PlyCount "71"]
[EventDate "2024.03.27"]
[EventType "swiss"]
[EventCountry "ESP"]
[SourceTitle "playchess.com"]
[Source "ChessBase"]
[SourceQuality "1"]
[TimeControl "5400+30"]

1. e4 e5 2. Nf3 Nc6 3. Bb5 a6 4. Ba4 Nf6 5. O-O Be7 6. Bxc6 dxc6 7. d3 Nd7 8. Be3 O-O 9. Nc3 Re8 10. Ne2 {[%emt 0:00:24] The position is equal.} c5 11. a4 f6 12. Nh4 g6 13. Nf3 Nf8 14. Nd2 Ne6 15. h3 Kg7 16. Kh1 g5 17. Ng3 Nf4 18. Qf3 Rg8 19. Nf5+ Kf8 (19... Kh8 $14) 20. g3 Bxf5 21. exf5 {[%emt 0:01:18] Strongly threatening Ne4.} Nd5 22. Ne4 b6 23. a5 {[%emt 0:01:43] White is more active.} Nb4 24. Rfc1 Qe8 25. axb6 cxb6 26. c3 Nxd3 {[%emt 0:03:08] [#]} 27. Bxg5 Nxf2+ $2 {[%emt 0:05:37] Black cannot hold the game after this.} (27... Nxc1 $16 {was called for.} 28. Bh6+ (28. Nxf6 $2 {loses.} Bxf6 29. Bxc1 Kg7 $19) (28. Bxf6 Nb3 $16) 28... Rg7) 28. Qxf2 $18 fxg5 (28... Rxg5 $142 29. Nxg5 fxg5) 29. f6 Bd8 30. Qf5 Ra7 31. Rd1 {[%emt 0:01:33][%cal Oa1a6] [#] Repels Qd7. Black must now prevent Rxa6!} Rg6 32. Rd6 {[%emt 0:02:14][%cal Oa1d1] Threatens to win with Rad1!} Rf7 33. Rad1 Bc7 34. Rd7 {[%emt 0:00:07] White mates.} Rxd7 35. Rxd7 Bd8 36. Rxh7 {[%emt 0:01:24] Weighted Error Value: White=0.07 (flawless) /Black=0.61.  Loses game:     	---       	Black=1      Mistake:       	---       	Black=2      Inaccurate:     	---       	Black=4      OK:         	White=8     	Black=5      Best:        	---       	Black=2} 1-0

[Event "VIII Open Semana Santa 2024"]
[Site "San Vicente del Raspeig"]
[Date "2024.03.27"]
[Round "1.2"]
[White "Hu, Merric"]
[Black "Ivanchuk, Vasyl"]
[Result "0-1"]
[ECO "B40"]
[WhiteElo "2068"]
[BlackElo "2625"]
[Annotator "TA"]
[PlyCount "114"]
[EventDate "2024.03.27"]
[EventType "swiss"]
[EventCountry "ESP"]
[SourceTitle "playchess.com"]
[Source "ChessBase"]
[SourceQuality "1"]
[TimeControl "5400+30"]

1. e4 c5 2. Nf3 e6 3. b3 b6 4. Bb2 Bb7 5. Nc3 Nc6 6. d4 cxd4 7. Nxd4 Nf6 8. Nxc6 Bxc6 9. e5 Ne4 {[%emt 0:16:25] The position is equal.} 10. Nxe4 Bxe4 11. Qe2 Bg6 12. Qd2 Qc7 13. Bc4 Be7 (13... Ba3 $5 14. Bd4 O-O $11) 14. O-O O-O 15. Rad1 Rfd8 16. h3 a6 17. Bd3 b5 18. Bxg6 hxg6 19. c4 bxc4 20. Rc1 $1 d5 21. exd6 Rxd6 22. Qe2 {And now Be5 would win.} Rc6 $36 {[%emt 0:00:00][%mdl 2048] Black has some pressure.} 23. Rxc4 Rxc4 24. bxc4 Rd8 25. Rc1 Bc5 {[%emt 0:00:00] Black wants to play ...Qf4.} 26. Rd1 Rxd1+ 27. Qxd1 $11 {[%emt 0:00:04][%mdl 4096] Endgame. KQB-KQB} Qa5 28. a3 f6 ({Of course not} 28... Bxa3 29. Bxa3 Qxa3 30. Qd8+ Kh7 31. Qh4+ Kg8 32. Qd8+ Kh7 33. Qh4+ Kg8 34. Qd8+ $11) 29. g3 Kh7 30. a4 {[%emt 0:02:57] [#]} (30. Qe2 $11 {remains equal.}) 30... Qb6 $1 $17 31. Qc2 Qc6 {[%emt 0:00:00] Black is more active.} (31... Qb7 {is interesting.} 32. Qc3 Qe4 33. Ba3 Bd4) 32. Qd3 {[%emt 0:05:45] Prevents Qf3} Qxa4 33. h4 Qa5 34. Bc3 Qc7 35. h5 f5 36. hxg6+ Kxg6 37. Kf1 a5 {[%emt 0:03:13] aiming for ...a4.} 38. Qe2 Qc6 39. Qe5 $1 Bf8 40. Bxa5 Qxc4+ 41. Kg1 Be7 42. Bb6 Bf6 43. Qb8 Qc1+ 44. Kh2 Qc6 {[%emt 0:00:05] Dodges Qe8+} 45. Be3 e5 46. Qg8 Qd7 47. Qc4 $1 Bd8 (47... Qd1 {seems wilder.} 48. Kg2 Qg4 49. Qe6 Qe4+) 48. Qa6+ Bf6 (48... Kf7 $15) 49. Qa8 (49. Qc4 $11) 49... e4 ({Black should play} 49... Kh7 $15) 50. g4 $1 $11 Qe6 (50... fxg4 {simplifies} 51. Qxe4+ Qf5 52. Qxf5+ Kxf5 53. Kg2 Bh4) 51. gxf5+ Qxf5 52. Qe8+ Kh7 53. Kg2 Be5 54. Kf1 Qh3+ 55. Ke2 {[%emt 0:00:23] [#]} Qf3+ $1 56. Ke1 $2 (56. Kd2 $17 Bf4 57. Bxf4 Qxf2+ (57... Qxf4+ 58. Ke2 $11) 58. Kc3) 56... Bc3+ $19 57. Kf1 Qh1+ {[%emt 0:00:06] Weighted Error Value: White=0.32/Black=0.07 (flawless) .  Loses game:     	White=1     	---        Mistake:       	White=2     	Black=2      Inaccurate:     	White=5     	Black=2      OK:         	White=20    	Black=15     Best:        	White=4     	Black=4      Strong:       	White=4     	Black=2} 0-1

[Event "VIII Open Semana Santa 2024"]
[Site "San Vicente del Raspeig"]
[Date "2024.03.27"]
[Round "1.3"]
[White "Yuffa, Daniil"]
[Black "Martinez Soriano, Pablo"]
[Result "1-0"]
[ECO "A18"]
[WhiteElo "2606"]
[BlackElo "2066"]
[Annotator "TA"]
[PlyCount "47"]
[EventDate "2024.03.27"]
[EventType "swiss"]
[EventCountry "ESP"]
[SourceTitle "playchess.com"]
[Source "ChessBase"]
[SourceQuality "1"]
[TimeControl "5400+30"]

1. c4 Nf6 2. Nc3 e6 3. e4 d5 4. e5 d4 5. exf6 dxc3 6. bxc3 Qxf6 7. Nf3 h6 8. Bd3 c5 9. O-O Bd7 {[%emt 0:00:00] White is slightly better.} 10. Be4 Bc6 11. Qc2 {[%emt 0:08:38] Hoping for d4.} Bd6 12. d4 Bxe4 13. Qxe4 Nc6 14. Rb1 Rb8 $2 {[%emt 0:00:00] Black cannot hold the game after this.} (14... O-O-O $14) 15. dxc5 $18 Be7 {[%emt 0:00:00] [#]} (15... Be5 {is a better defense.} 16. Rxb7 Rc8 (16... Rxb7 $2 17. Qxc6+ Rd7 18. Rd1 $18) 17. Nxe5 Qxe5 18. Qxe5 Nxe5) 16. Rxb7 $3 Rc8 (16... Rxb7 $2 17. Qxc6+ Rd7 18. Rd1 $18) 17. Nd4 Nd8 {[%emt 0:00:00] [#]} 18. c6 O-O 19. Bf4 (19. Rxa7 Bc5) 19... Re8 $2 (19... Rxc6 20. Be5 (20. Rxa7 Rc5 $18) (20. Nxc6 Nxb7 21. Be5 Qg5 $16) (20. Rxe7 Qxe7 21. Nxc6 Qb7 $18) 20... Qh4 21. Qxh4 (21. Rxa7 $2 {loses.} Qxe4 22. Bg3 Bf6 $19) 21... Bxh4 22. Nxc6 (22. Rxa7 Rxc4 23. Bd6 Re8 $18) 22... Nxb7) 20. Rd7 {[%emt 0:03:14] White is clearly winning.} Bf8 21. c7 ({Not} 21. Rxa7 e5 $16) 21... Nb7 22. Qxb7 Qxf4 23. Nc6 Bc5 24. Rd8 {[%emt 0:02:42] Weighted Error Value: White=0.11 (very precise) /Black=0.63.  Loses game:     	---       	Black=1      Mistake:       	---       	Black=2      Inaccurate:     	White=1     	Black=1      OK:         	White=10    	Black=5} 1-0

[Event "VIII Open Semana Santa 2024"]
[Site "San Vicente del Raspeig"]
[Date "2024.03.27"]
[Round "1.4"]
[White "Tudela Gonzalez, Victor"]
[Black "Piorun, Kacper"]
[Result "0-1"]
[ECO "A80"]
[WhiteElo "2066"]
[BlackElo "2599"]
[Annotator "TA"]
[PlyCount "72"]
[EventDate "2024.03.27"]
[EventType "swiss"]
[EventCountry "ESP"]
[SourceTitle "playchess.com"]
[Source "ChessBase"]
[SourceQuality "1"]
[TimeControl "5400+30"]

1. d4 f5 2. Nc3 d5 3. Nf3 Nf6 4. Bf4 e6 5. e3 Be7 6. Bd3 O-O 7. O-O Nbd7 8. h3 a6 {[%emt 0:07:20] White is slightly better.} 9. Ne2 b5 10. a4 bxa4 11. c4 dxc4 12. Bxc4 Nb6 13. Qc2 {[%emt 0:00:52][%cal Of4c7] Strongly threatening Bxc7!} Ra7 14. Rfc1 Bd7 {[%emt 0:03:18] [#]} 15. Bxc7 Rxc7 $15 (15... Qxc7 {is interesting.} 16. Bxe6+ Bxe6 17. Qxc7 Rxc7 18. Rxc7 Nfd5) 16. Bxe6+ Bxe6 17. Qxc7 Nfd5 18. Qxd8 Rxd8 19. Ne5 Bd6 20. Nd3 Bd7 21. Nc5 Bb5 22. Nc3 Nxc3 23. Rxc3 Re8 24. Rb1 ({Better is} 24. Nxa6 Nd5 (24... Bxa6 25. Rc6 $11) 25. Rcc1) 24... Nd5 $17 25. Rcc1 Nb4 {[%emt 0:06:51] Black is much more active.} 26. Ra1 f4 $36 {[%emt 0:04:21][%mdl 2048] Keeping White busy.} 27. Ra3 (27. Nxa4 $17 fxe3 28. fxe3) 27... fxe3 28. Rxe3 Rc8 29. Nd3 {[%emt 0:00:00] Against Bf4} (29. g3 $17) 29... Rxc1+ $19 30. Nxc1 Bf4 31. Rc3 Bd2 {[%emt 0:00:18] This pair of bishops is nice.} 32. Rc5 Kf7 33. g3 Bxc1 34. Rxc1 Nd3 {[%emt 0:00:05][%csl LRb2,LRc1] Wards off Re1} 35. Rc2 Ke6 36. Kg2 {[%emt 0:00:00] [#]} (36. g4 $19) 36... Ne1+ {[%emt 0:00:06] Weighted Error Value: White=0.51/Black=0.12 (very precise) .  Mistake:       	White=5     	---        Inaccurate:     	White=2     	Black=1      OK:         	White=11    	Black=12     Best:        	---       	Black=4} 0-1

[Event "VIII Open Semana Santa 2024"]
[Site "San Vicente del Raspeig"]
[Date "2024.03.27"]
[Round "1.5"]
[White "Kourkoulos-Arditis, Stamatis"]
[Black "Fernandez Aguilar, Francisco"]
[Result "1-0"]
[ECO "D02"]
[WhiteElo "2556"]
[BlackElo "2065"]
[Annotator "TA"]
[PlyCount "67"]
[EventDate "2024.03.27"]
[EventType "swiss"]
[EventCountry "ESP"]
[SourceTitle "playchess.com"]
[Source "ChessBase"]
[SourceQuality "1"]
[TimeControl "5400+30"]

1. Nf3 d5 2. g3 Nc6 3. d4 Bf5 4. Bg2 Nb4 5. Na3 e6 6. O-O Be7 7. Ne5 f6 8. Nd3 Nxd3 9. cxd3 {[%emt 0:02:18] White has an edge.} c6 10. Nc2 Bd6 11. e4 Bg6 12. Re1 Ne7 13. h4 O-O 14. h5 Be8 15. h6 g6 16. e5 fxe5 17. dxe5 Bc5 18. d4 Bb6 19. Bg5 Bd7 {[%emt 0:05:25] Black is weak on the dark squares} 20. b4 Qe8 21. Qd2 Nf5 22. g4 Ne7 23. Bf6 $36 {[%emt 0:00:00][%mdl 2048] White has strong initiative.} Bd8 24. Bh3 {[%emt 0:00:00] White has more active pieces. The black rooks are passive.} Nc8 {[%emt 0:00:31] [#]} 25. g5 Ne7 (25... a5 $16 26. Ne3 Ne7) 26. Ne3 $18 Nf5 27. Ng2 Qf7 28. Nf4 {[%emt 0:00:00] And now Bxf5 would win.} Re8 29. a4 a6 30. Re2 Bb6 $2 (30... Nh4 31. Qc3 Bxf6 32. exf6 Rad8) 31. Bxf5 {[%emt 0:00:00] White is clearly winning.} exf5 {[%emt 0:00:01] [#]} 32. e6 $1 Bxe6 33. Rae1 Bd7 34. Re7 {[%emt 0:00:00] Weighted Error Value: White=0.07 (flawless) /Black=0.41.  Mistake:       	---       	Black=2      Inaccurate:     	---       	Black=2      OK:         	White=9     	Black=7      Best:        	White=5     	---} 1-0

[Event "VIII Open Semana Santa 2024"]
[Site "San Vicente del Raspeig"]
[Date "2024.03.27"]
[Round "1.6"]
[White "Perea Fruet, Federico"]
[Black "Adhiban, B.."]
[Result "0-1"]
[ECO "B50"]
[WhiteElo "2065"]
[BlackElo "2541"]
[Annotator "TA"]
[PlyCount "78"]
[EventDate "2024.03.27"]
[EventType "swiss"]
[EventCountry "ESP"]
[SourceTitle "playchess.com"]
[Source "ChessBase"]
[SourceQuality "1"]
[TimeControl "5400+30"]

1. e4 c5 2. Nf3 d6 3. c3 Nf6 4. h3 Bd7 5. Bd3 Nc6 6. Bc2 Rc8 7. O-O g6 8. d4 {[%emt 0:02:36] Weiß steht etwas besser.} cxd4 9. cxd4 Nb4 10. Nc3 Nxc2 11. Qxc2 Bg7 12. Qb3 O-O 13. Be3 b5 14. Rac1 (14. Nxb5 $2 {ist das falsche Schlagen.} Rb8 (14... Nxe4 15. Nxa7 Rb8 16. Qc4 $15) 15. a4 a6 $19 (15... Nxe4 16. Qc2 $17)) 14... a5 15. a3 Rb8 16. Qc2 b4 17. axb4 axb4 {[%emt 0:00:04][%cal Ob8c8] [#] Droht stark ...Rc8!} 18. Ne2 b3 19. Qb1 d5 $36 {[%emt 0:00:14][%mdl 2048] Schwarz drückt.} 20. Ne5 {[%emt 0:04:53] Ab hier gerät Weiß ins Schliddern.} ({Doch nicht} 20. e5 Bf5 21. exf6 (21. Qa1 $2 Ra8 $17) 21... Bxf6 $17 (21... Bxb1 22. fxg7 Kxg7 23. Rxb1 $16)) ({Vorzuziehen ist} 20. Ng3 $15) 20... Nxe4 $17 21. Nxd7 Qxd7 22. Bf4 Rbc8 23. Qd3 Qa4 24. f3 Nd6 {Schwarz hat aktiveres Spiel.} 25. Be5 (25. Bxd6 $17 exd6 26. Kh2) 25... Bxe5 26. dxe5 Nf5 {[%emt 0:01:02] Zielt auf ...Rc2 ab.} 27. Rc3 (27. Ra1 $142 Qc4 28. Qxc4 Rxc4 (28... dxc4 $2 29. Kf2 $19) 29. Nc1) 27... Rxc3 $19 28. Nxc3 Qa7+ 29. Kh2 e6 30. f4 Rc8 31. Qb5 Rb8 32. Qc6 (32. Qe2) 32... Qe3 {[%emt 0:00:20] Schwarz steht klar auf Gewinn.} 33. Qc7 Rf8 {[%emt 0:00:34] [#] ...Qg3+ ist eine echte Drohung.} 34. Qb7 Qd2 {[%emt 0:01:51] ...Nh4 wäre nun fies.} 35. Qxb3 Nh4 36. Rg1 Nf3+ 37. Kh1 Nxg1 38. Kxg1 Qxf4 (38... Qe3+ $142 39. Kh2 Qxf4+ 40. Kg1 Qe3+ (40... Qxe5 $2 41. Qc2 $19) 41. Kh2 d4 (41... Qxe5+ $2 42. g3 $19)) 39. Nb5 Qxe5 {[%emt 0:01:34] Gewichteter Fehlerwert: Weiß=0.74/Schwarz=0.24 (präzise) .  Fehler:       	Weiß=4     	---        Ungenau:       	Weiß=5     	Schwarz=1     OK:         	Weiß=8     	Schwarz=19    Bester:       	Weiß=1     	Schwarz=2} (39... Rc8 $142 40. Nc3 Qe3+ (40... Qxe5 $2 41. Qc2 $19) 41. Kh1 d4 (41... Qxe5 $2 42. Qc2 $19)) 0-1

[Event "VIII Open Semana Santa 2024"]
[Site "San Vicente del Raspeig"]
[Date "2024.03.27"]
[Round "1.7"]
[White "Makhnev, Denis"]
[Black "Pardo Ruiz, Carlos"]
[Result "1-0"]
[ECO "A85"]
[WhiteElo "2516"]
[BlackElo "2063"]
[Annotator "TA"]
[PlyCount "83"]
[EventDate "2024.03.27"]
[EventType "swiss"]
[EventCountry "ESP"]
[SourceTitle "playchess.com"]
[Source "ChessBase"]
[SourceQuality "1"]
[TimeControl "5400+30"]

1. d4 d5 2. c4 e6 3. Nf3 c6 4. e3 f5 5. Bd3 Nf6 6. Nc3 Bd6 7. O-O O-O 8. Ne2 b6 9. b3 Bb7 10. Bb2 {[%emt 0:03:15] White is slightly better.} Nbd7 11. cxd5 cxd5 12. Nf4 Re8 13. Rc1 Ne4 14. Ne5 Bxe5 15. dxe5 Nec5 16. Bb1 {[%emt 0:00:46] White is more active.} Ba6 17. Re1 Rc8 18. f3 (18. g4 $16) 18... Nf8 19. Qd4 $36 {[%emt 0:03:53][%mdl 2048] White is really pushing.} Qg5 (19... Re7 $142) 20. Ba3 $16 Ncd7 {[%emt 0:02:29] This costs Black the game.} (20... Qe7 $16 {might work better.} 21. Rc2 Qd7) 21. Bxf8 $18 Nxf8 22. Qa4 Bb7 23. Qxa7 Ba8 (23... Rb8 24. Rc7 (24. Qxb6 d4 $18) 24... Ba8) 24. Rxc8 (24. Qxb6 d4 25. Rxc8 (25. Qxd4 Bxf3 26. Rxc8 Rxc8 $18) 25... Rxc8 26. Qxd4 (26. Nxe6 Qg6 $16) 26... Bxf3 $18) 24... Rxc8 25. Qxb6 d4 26. Qa6 (26. Nxe6 Qg6 27. Qa6 (27. Bxf5 Qxf5 28. Nxf8 d3 $11) 27... Qxe6 28. Qxe6+ Nxe6 $11) 26... Rd8 (26... Re8 27. Qe2 Rc8) 27. Nxe6 {[%emt 0:08:53][%cal Bf4e6,Be6c7,Bc7a6,Ba6b4][%mdl 32] White is clearly winning.} Qh6 28. Nc7 {[%emt 0:01:15] [#] aiming for Qxh6.} ({Less strong is} 28. exd4 Qxe6 29. Qa5 Qd7 $11) 28... Qxa6 29. Nxa6 dxe3 30. Bxf5 g6 31. Bh3 Kf7 32. Rxe3 g5 33. Bf5 Bc6 34. Nb4 Be8 35. Rc3 Rd4 36. Rc4 Rd1+ 37. Kf2 Bb5 38. Rc7+ Ke8 39. a4 Bd7 40. Bxd7+ Nxd7 41. Nc6 {[%emt 0:00:09] [#] Intending e6 and mate.} Kf7 42. Nb8 {[%emt 0:00:07] Weighted Error Value: White=0.17 (very precise) /Black=0.40.  Mistake:       	White=1     	Black=4      Inaccurate:     	White=3     	Black=5      OK:         	White=13    	Black=8      Best:        	White=2     	---} 1-0

[Event "VIII Open Semana Santa 2024"]
[Site "San Vicente del Raspeig"]
[Date "2024.03.27"]
[Round "1.8"]
[White "Galvan Cipriani, Viviana"]
[Black "Basso, Pier Luigi"]
[Result "0-1"]
[ECO "D10"]
[WhiteElo "2061"]
[BlackElo "2503"]
[Annotator "TA"]
[PlyCount "102"]
[EventDate "2024.03.27"]
[EventType "swiss"]
[EventCountry "ESP"]
[SourceTitle "playchess.com"]
[Source "ChessBase"]
[SourceQuality "1"]
[TimeControl "5400+30"]

1. c4 c6 2. d4 d5 3. cxd5 cxd5 4. Bf4 Nc6 5. e3 Nf6 6. Bd3 Bg4 7. f3 Bd7 8. Nc3 {[%emt 0:06:13] The position is equal.} g6 9. Nge2 Bg7 10. g4 O-O 11. h4 Re8 12. Be5 Bc8 13. Nf4 (13. h5 $14) 13... e6 ({Black should play} 13... Nxe5 $15 14. dxe5 Nd7) 14. Ng2 Nxe5 15. dxe5 Nd7 16. f4 Nc5 17. Bc2 b6 18. b4 (18. g5 $11 {is more appropriate.}) 18... Nd7 $15 19. g5 a5 20. b5 Bb7 {[%emt 0:01:46][%cal Od7e5] White must now prevent ...Nxe5!} (20... Nxe5 {is more complex.} 21. fxe5 Bxe5 22. Ne2 Bxa1 23. Qxa1 Qc7) 21. Kf2 {[%emt 0:00:58] [#]} (21. O-O $15) 21... Rc8 (21... Nxe5 $1 $19 22. fxe5 Bxe5) 22. Ne2 $1 $11 Qe7 23. a3 Rc5 24. Nd4 Rec8 25. Ra2 Rc3 {[%emt 0:01:08] Black continues to play with concentration.} 26. a4 Nc5 27. Ne1 Bf8 {[%emt 0:00:28] Black is more active.} 28. Nef3 $2 ({Better is} 28. Qf3 $15) 28... Ne4+ $19 29. Bxe4 dxe4 30. Nh2 h5 {[%emt 0:00:43] Prevents Ng4} 31. Rc2 (31. Nc6 $142 Bxc6 32. bxc6) 31... Qa3 32. Rxc3 Rxc3 33. Re1 Bc5 34. Nf1 Bd5 35. Nc6 Kf8 36. Nb8 Ke7 {[%emt 0:01:18] Prevents Nd7.} 37. Na6 Bb3 38. Qa1 Rc2+ ({Less strong is} 38... Bxa4 39. Nxc5 Rc2+ (39... bxc5 $2 40. b6 $19) 40. Kg1 $19 (40. Kg3 $2 Ra2 $19)) 39. Kg1 Qxa4 40. Nxc5 Qxa1 41. Rxa1 Rxc5 {[%emt 0:00:03][%mdl 4096] Endgame. KRB-KRN} 42. Nd2 Bd5 43. Rb1 a4 {[%emt 0:00:26] [#] Threatens to win with ...Rc2.} 44. Ra1 Rc2 45. Nf1 Ra2 46. Rc1 Kd7 {[%emt 0:00:43] ...a3 would now be deadly.} 47. Ng3 a3 48. Rd1 Ke8 49. f5 Rb2 50. fxg6 fxg6 {[%emt 0:00:04][%cal Oa3a2] ( -> ...a2!)} (50... Rxb5 $2 {is the wrong capture.} 51. g7 (51. Nxh5 $2 fxg6 52. Nf6+ Kf7 $19) 51... Kd7 52. g8=Q $18 (52. g8=R a2 $17)) 51. Rf1 a2 {[%emt 0:00:06] Weighted Error Value: White=0.68/Black=0.16 (very precise) .  Loses game:     	White=1     	---        Mistake:       	White=4     	Black=2      Inaccurate:     	White=2     	Black=1      OK:         	White=12    	Black=20     Best:        	White=2     	Black=1      Strong:       	White=1     	---} 0-1

[Event "VIII Open Semana Santa 2024"]
[Site "San Vicente del Raspeig"]
[Date "2024.03.27"]
[Round "1.9"]
[White "Diaz Camallonga, Carles"]
[Black "Pattnayak Nilsu"]
[Result "1-0"]
[ECO "E02"]
[WhiteElo "2491"]
[BlackElo "2061"]
[Annotator "TA"]
[PlyCount "105"]
[EventDate "2024.03.27"]
[EventType "swiss"]
[EventCountry "ESP"]
[SourceTitle "playchess.com"]
[Source "ChessBase"]
[SourceQuality "1"]
[TimeControl "5400+30"]

1. d4 Nf6 2. Nf3 e6 3. c4 d5 4. g3 Be7 5. Bg2 O-O 6. Qc2 dxc4 7. Qxc4 Nbd7 8. O-O a6 9. Qc2 Rb8 10. Rd1 b5 11. Ne5 Nxe5 {[%emt 0:08:58] White is better.} 12. dxe5 Nd5 13. Nc3 Bb7 14. a3 {[%emt 0:12:22] [#] And now e4 would win.} b4 15. Nxd5 exd5 16. axb4 Bxb4 17. Bd2 Qe7 18. Bxb4 Qxb4 19. Qxc7 Rfc8 20. Qd6 $36 {[%emt 0:03:52][%mdl 2048] White is in control. White has more active pieces.} Qxb2 {[%emt 0:01:09][%mdl 8192] Black cannot hold the game after this.} (20... Qxd6 $16 21. exd6 Rd8 22. Bxd5 Bxd5) 21. Rdb1 $18 (21. Bxd5 Bxd5 22. Qxd5 Qxe2 $11) 21... Qc3 22. Ra3 (22. Bxd5 Bxd5 23. Qxb8 (23. Qxd5 Rb5 $14) 23... Be4 $16) 22... Qd2 (22... Qc2 $142 23. Rab3 Rd8) 23. Rab3 Qxe2 24. Bf1 (24. Rxb7 $2 Rxb7 25. Rf1 Rbc7 26. Qxd5 Rc5 $19) 24... Qe4 25. Rxb7 Qxb1 26. Rxb1 Rxb1 27. e6 {[%emt 0:00:15][%cal Be5e6,Be6e7][%mdl 32] aiming for exf7+.} Rb7 28. Bxa6 Rb1+ 29. Kg2 Rf8 30. e7 Re8 {[%emt 0:00:15] [#]} 31. Bc8 Re1 32. Bd7 R1xe7 33. Bxe8 Rxe8 34. Qxd5 {[%emt 0:00:43][%mdl 4096] Endgame. KQ-KR} h6 35. h4 Kf8 36. h5 Re6 37. Qd3 {[%emt 0:01:45] Qa3+ would now be deadly.} Kg8 38. Qd8+ Kh7 39. Qf8 Rf6 40. g4 {[%emt 0:01:12] White mates.} g6 41. hxg6+ Rxg6 42. Qxf7+ Rg7 43. Qf5+ Kh8 44. Kh3 Rg5 45. Qf6+ Kh7 46. Kh4 Rg6 47. Qf7+ Rg7 48. Qf5+ Kh8 49. Kh5 Rf7 50. Qe5+ Kh7 51. Qe4+ Kh8 52. Qe8+ Kg7 53. Qxf7+ {[%emt 0:00:03] Weighted Error Value: White=0.09 (flawless) /Black=0.70.  Loses game:     	---       	Black=1      Mistake:       	---       	Black=1      Inaccurate:     	---       	Black=1      OK:         	White=7     	Black=5      Best:        	White=1     	Black=1} 1-0

[Event "VIII Open Semana Santa 2024"]
[Site "San Vicente del Raspeig"]
[Date "2024.03.27"]
[Round "1.10"]
[White "Hernandez Tellez, Claudia"]
[Black "Bora, Safal"]
[Result "0-1"]
[ECO "C07"]
[WhiteElo "2059"]
[BlackElo "2490"]
[Annotator "TA"]
[PlyCount "110"]
[EventDate "2024.03.27"]
[EventType "swiss"]
[EventCountry "ESP"]
[SourceTitle "playchess.com"]
[Source "ChessBase"]
[SourceQuality "1"]
[TimeControl "5400+30"]

1. e4 e6 2. d4 d5 3. Nd2 c5 4. exd5 Qxd5 5. Ngf3 cxd4 6. Bc4 Qd6 7. O-O Nf6 8. Nb3 Nc6 9. Nbxd4 Nxd4 10. Nxd4 Be7 11. c3 O-O 12. Qe2 b6 13. Qf3 Bd7 14. Rd1 Qc7 {[%emt 0:02:44] The position is equal.} 15. Bd3 Rad8 16. Bg5 Rfe8 17. Qg3 Qxg3 18. hxg3 h6 19. Bxf6 Bxf6 20. Nb5 a5 21. Nd6 Re7 22. Nc4 Bb5 {[%emt 0:06:05] Threatens to win with ...Red7.} 23. a4 Ba6 {[%emt 0:02:40] A strong pair of Bishops.} 24. Bf1 Rb8 25. Rd6 Bxc4 26. Bxc4 Rc7 27. Bb5 Be7 28. Rd3 h5 29. Rad1 g6 30. Kf1 Kg7 31. Ke2 Rc5 32. Rd7 Re5+ 33. Kf1 Bc5 34. Bd3 Rh8 35. Re1 Rxe1+ 36. Kxe1 $11 {[%emt 0:00:02][%mdl 4096] Endgame. KRB-KRB} h4 37. gxh4 Rxh4 38. Ke2 (38. b3 $11 {remains equal.}) 38... Rxa4 $17 {[%emt 0:00:00] ...Ra2 would now be deadly.} 39. Bb5 Ra1 40. Rd2 e5 41. Kd3 f5 {[%emt 0:00:00] Black is more active.} 42. f3 Kf6 43. Bc6 ({White should try} 43. Re2 $15) 43... Kg5 44. Kc4 Kf4 45. Re2 Rd1 46. g3+ Kxg3 47. Rxe5 Rd6 48. Bb7 Kf4 49. Re8 Rd2 50. b3 g5 51. Rg8 Rc2 52. Kd3 Rf2 53. Rg7 $2 {[%emt 0:00:14][%mdl 8192] [#]} (53. Bc6 $17) 53... b5 $1 $19 {[%emt 0:01:34] ( -> ...Be3)} 54. Rf7 $2 {[%emt 0:01:15] [#]} (54. Bc6 Be3 55. Bxb5) 54... Be3 $1 55. c4 Rd2+ {[%emt 0:00:09] Weighted Error Value: White=0.46/Black=0.03 (flawless) .  Loses game:     	White=1     	---        Mistake:       	White=3     	---        Inaccurate:     	White=2     	Black=1      OK:         	White=21    	Black=23     Best:        	---       	Black=1      Strong:       	---       	Black=2} 0-1